Map: Sentinel LE

Players

Duffman

  • Race: Terran Terran
  • Spawn Location: 12:00

Arthas

  • Race: Zerg Zerg
  • Spawn Location: 9:00

Ivadios

  • Race: Terran Terran
  • League: Bronze
  • Spawn Location: 9:00

Ghost

  • Race: Protoss Protoss
  • League: Gold
  • Spawn Location: 6:00

kPanda

  • Race: Protoss Protoss
  • League: Platinum
  • Spawn Location: 5:00

TheOne

  • Race: Protoss Protoss
  • League: Platinum
  • Spawn Location: 5:00

VOD

Have the link to the VOD?

Description

Time

  • Played on: June 6, 2020, 2:52 p.m.
  • Length: 16:26
Show
View Real Time Build Order
Export as new Build Order

Duffman Terran 

Build Orders:  

Get SALT Encoding   

  12  0:01  SCV  
  13  0:13  SCV  
  14  0:26  Supply Depot  
  14  0:28  SCV  
  15  0:37  Refinery  
  15  0:49  Barracks  
  15  0:51  SCV  
  16  1:03  SCV  
  17  1:15  SCV  
  18  1:41  Orbital Command  
  18  1:44  Barracks  
  18  1:48  Factory  
  18  2:09  SCV  
  19  2:29  Bunker  
  19  2:31  Bunker  
  19  2:36  SCV  
  20  2:38  Marine x2  
  20  2:39  Engineering Bay  
  22  2:55  Factory Tech Lab  
  22  2:56  Marine  
  23  3:02  Supply Depot  
  23  3:24  Marine  
  24  3:27  Marine  
  24  3:31  Siege Tank  
  28  3:34  Missile Turret  
  28  3:36  Terran Infantry Weapons Level 1  
  28  3:41  Barracks, Marine  
  28  3:43  Barracks  
  28  3:46  Marine  
  30  4:00  Barracks Tech Lab  
  30  4:10  SCV  
  30  4:13  Missile Turret  
  31  4:28  Command Center  
  31  4:35  Supply Depot  
  31  4:40  SCV, Marine x2  
  34  4:49  Marine x2, Stimpack  
  36  4:57  Refinery  
  36  5:04  Siege Tank  
  39  5:09  Marine  
  39  5:10  Marine  
  39  5:12  Marine  
  41  5:48  Orbital Command  
  41  5:57  Bunker  
  41  5:58  SCV  
  41  6:01  Barracks Reactor  
  41  6:02  Barracks Reactor  
  41  6:03  Siege Tank  
  45  6:11  Marine x2  
  47  6:22  Terran Infantry Armor Level 1  
  47  6:29  Marine x2, Supply Depot  
  49  6:38  Marine  
  49  6:39  Marine x3  
  53  6:46  Marine  
  53  6:47  Marine  
  53  6:54  Starport, Orbital Command  
  55  7:01  Missile Turret  
  55  7:04  Marine  
  57  7:12  Marine  
  57  7:13  Marine x3  
  60  7:19  Bunker, Marine  
  61  7:23  Marauder  
  61  7:24  SCV x2  
  65  7:30  Marine  
  65  7:32  Starport Reactor  
  66  7:38  Starport  
  66  7:46  Armory  
  66  7:57  Marine x2  
  66  7:58  Marine x2  
  70  8:04  Supply Depot  
  70  8:07  Marauder  
  72  8:18  Supply Depot  
  72  8:23  Medivac x2  
  72  8:24  Starport Reactor  
  76  9:09  Medivac x2  
  78  9:33  Marine x4  
  78  9:35  Marauder  
  74  10:09  Orbital Command  
  73  10:18  Marine x5  
  73  10:19  Marauder  
  73  10:21  Viking, Medivac x2  
  82  10:28  Viking  
  86  10:37  Marine x2  
  86  10:42  Marine  
  86  10:47  Marine  
  86  10:50  Marine  
  86  11:12  Terran Infantry Weapons Level 2  
  86  11:28  Terran Ship Weapons Level 1  
  86  11:29  Refinery  
  86  11:31  Supply Depot  
  86  11:32  Refinery  
  86  11:36  Marine x6  
  86  11:37  SCV x2  
  94  11:51  Combat Shield  
  94  11:53  SCV x2, Viking, Medivac  
  100  11:54  Marine x2  
  102  12:35  Marine  
  102  12:43  Marine x2  
  102  12:46  Marine  
  102  12:47  SCV x2, Marine x2  
  79  12:53  Marine  
  79  13:01  Marine x2  
  79  13:04  Marine  
  79  13:05  Marine  
  79  13:34  Viking x2, Medivac x2  
  87  13:44  SCV x2  
  87  13:45  Marine x5  
  96  13:48  Marauder  
  96  13:56  SCV x2  
  98  14:06  Viking, Medivac  
  102  14:26  SCV x2  
  102  14:51  Medivac  
  102  15:01  Marine  
  102  15:02  Marine x2  
  102  15:03  Marine, Marauder  
  57  15:24  Marauder  
  26  15:46  Marauder  
Show
View Real Time Build Order
Export as new Build Order

Arthas Zerg 

Build Orders: Pool First 

Get SALT Encoding   

  12  0:01  Drone  
  13  0:13  Overlord  
  13  0:18  Drone  
  14  0:32  Drone x2  
  16  0:36  Drone  
  17  0:48  Spawning Pool  
  16  0:53  Extractor, Drone  
  16  0:57  Drone  
  17  1:21  Hatchery  
  17  1:23  Drone  
  17  1:27  Drone  
  17  1:32  Drone  
  19  1:43  Queen  
  21  1:56  Zergling x2  
  21  1:57  Overlord  
  22  2:16  Zergling x2  
  22  2:17  Zergling x2  
  24  2:34  Zergling x6  
  26  3:26  Drone x3  
  26  3:27  Drone  
  30  3:29  Queen  
  30  3:30  Drone x3  
  35  3:39  Baneling Nest  
  34  3:44  Metabolic Boost  
  34  3:57  Overlord x3  
  34  3:59  Drone  
  34  4:01  Spore Crawler  
  34  4:03  Spore Crawler  
  34  4:07  Drone x2  
  35  4:23  Spine Crawler  
  35  4:24  Baneling x4  
  34  4:38  Baneling  
  34  4:45  Drone x11  
  45  4:48  Extractor  
  44  4:53  Baneling x2  
  40  5:18  Zergling x2  
  40  5:19  Zergling x16  
  48  5:52  Drone x3  
  48  5:53  Extractor  
  48  5:55  Drone x2  
  48  5:56  Overlord  
  52  5:58  Extractor, Overlord x3  
  51  6:17  Drone x2  
  51  6:18  Drone  
  53  6:48  Zergling x2  
  53  6:49  Zergling x14  
  60  6:55  Spore Crawler  
  60  6:57  Spore Crawler  
  60  6:58  Drone x2  
  60  6:59  Spore Crawler  
  59  7:02  Lair  
  59  7:12  Drone x2  
  59  7:13  Drone  
  62  7:15  Overlord  
  62  7:16  Overlord  
  62  7:21  Spore Crawler  
  62  7:22  Spine Crawler  
  60  7:25  Spore Crawler  
  59  7:35  Zergling x2, Spore Crawler  
  59  7:36  Zergling x10  
  64  8:05  Drone x2  
  64  8:06  Drone x2  
  67  8:43  Hatchery  
  67  8:47  Hatchery  
  46  9:21  Drone  
  46  9:22  Drone x9  
  46  9:23  Drone x7  
  46  9:24  Drone x2  
  65  9:45  Extractor  
  64  9:47  Extractor  
  64  9:48  Spire  
  62  9:53  Extractor  
  62  9:54  Extractor  
  62  9:55  Spire  
  62  9:57  Spore Crawler  
  62  9:58  Drone x3  
  62  9:59  Drone, Spore Crawler  
  61  10:00  Drone  
  61  10:01  Drone x3  
  61  10:03  Drone x2  
  61  10:05  Queen  
  61  10:06  Queen  
  71  10:07  Drone x3  
  71  10:13  Spore Crawler x2  
  72  10:16  Spine Crawler x2  
  70  10:23  Spine Crawler  
  70  10:28  Overlord x3  
  69  10:58  Drone  
  69  10:59  Drone x4  
  69  11:00  Drone x3  
  69  11:02  Mutalisk x10  
  97  11:07  Zerg Flyer Weapons Level 1  
  97  11:11  Zerg Flyer Armor Level 1  
  97  11:16  Infestation Pit  
  96  11:18  Spore Crawler  
  96  11:20  Drone x3  
  96  11:21  Drone  
  96  11:22  Drone x2  
  101  11:33  Evolution Chamber  
  101  11:34  Hatchery  
  101  11:37  Mutalisk x12  
  123  11:44  Drone  
  123  11:45  Drone  
  125  11:56  Mutalisk x2  
  125  11:57  Mutalisk x3  
  125  11:58  Overlord  
  125  11:59  Overlord x6  
  125  12:00  Overlord x2  
  128  12:42  Corruptor x8  
  128  12:43  Corruptor x9  
  152  12:55  Pathogen Glands  
  152  12:57  Hive  
  142  13:03  Corruptor  
  126  13:44  Corruptor  
  126  13:45  Corruptor x8  
  137  14:15  Corruptor  
  137  14:16  Corruptor x4  
  147  14:19  Zergling x16  
  147  14:20  Zergling x28  
  141  15:24  Zergling x2  
  141  15:25  Zergling x48  
  141  15:26  Zergling x6  
  164  16:10  Drone  
  164  16:11  Drone  
  162  16:12  Drone x3  
Show
View Real Time Build Order
Export as new Build Order

Ivadios Terran 

Build Orders:  

Get SALT Encoding   

  12  0:16  Supply Depot  
  12  0:48  Barracks  
  12  0:51  Barracks  
  12  1:06  Supply Depot  
  12  1:11  SCV  
  13  1:23  SCV  
  14  1:29  Supply Depot  
  14  1:43  Barracks  
  14  1:45  Barracks, Marine  
  15  1:50  Marine  
  16  2:05  Refinery  
  16  2:35  Barracks  
  16  2:36  Barracks  
  16  2:40  Marine x3  
  19  3:33  Marine x6  
  25  3:50  Marine  
  25  3:51  Marine x3  
  29  4:11  Engineering Bay  
  29  4:13  Engineering Bay  
  29  4:26  Barracks Reactor x4  
  29  4:28  Marine  
  30  4:34  SCV  
  31  4:46  SCV  
  32  4:58  SCV  
  33  5:11  SCV  
  34  5:18  Factory  
  34  5:23  SCV  
  35  5:35  SCV  
  36  6:09  Marine  
  36  6:10  Marine x2  
  39  6:51  Marine  
  39  6:52  Marine  
  39  7:00  Marine  
  39  7:01  Marine x3  
  39  7:02  Marine x3  
  39  7:03  Marine  
  33  7:09  Marine  
  33  7:10  Marine  
  35  7:19  Marine x2  
  35  7:20  Marine  
  38  7:24  Starport x2  
  38  7:36  Marine  
  39  7:48  Terran Infantry Armor Level 1, Terran Infantry Weapons Level 1  
  39  8:32  Marine  
  39  8:35  Marine  
  39  8:36  Marine  
  39  8:37  Marine  
  39  8:40  Marine x3  
  39  8:41  Marine x2  
  36  9:11  Barracks Reactor x2  
  36  9:12  Marine x3  
  39  9:45  Supply Depot  
  39  9:47  Supply Depot  
  39  9:54  Starport Reactor x2  
  39  10:06  Marine x8  
  47  10:10  Supply Depot  
  47  10:11  Marine x4  
  51  10:24  Marine x4  
  55  10:29  Supply Depot  
  55  10:32  Marine x8  
  55  10:33  Supply Depot, Neosteel Armor, Hi-Sec Auto Tracking  
  63  10:50  Marine x5, Medivac  
  63  10:56  Supply Depot  
  70  11:19  Supply Depot  
  70  11:37  Supply Depot  
  70  11:44  Supply Depot  
  70  12:04  Medivac x2  
  70  12:07  Marine x4  
  70  12:08  Marine x5  
  83  12:20  Supply Depot  
  34  14:18  Marine  
  34  14:19  Marine x6  
  34  14:20  Marine x3  
  44  14:34  Command Center  
  44  14:37  SCV  
  45  14:49  SCV  
  46  15:01  SCV  
  45  15:13  SCV  
Show
View Real Time Build Order
Export as new Build Order

Ghost Protoss 

Build Orders: Colossus Rush 

Get SALT Encoding   

  12  0:00  Probe  
  13  0:13  Probe  
  14  0:22  Pylon  
  14  0:25  Probe  
  15  0:40  Probe, Gateway  
  16  0:52  Probe  
  17  0:59  Assimilator  
  17  1:04  Probe, Assimilator  
  18  1:12  Gateway  
  18  1:16  Probe  
  19  1:27  Zealot  
  19  1:28  Probe  
  22  1:36  Cybernetics Core  
  22  1:40  Probe  
  23  1:56  Pylon  
  23  2:08  Warp Gate (Chrono Boost)  
  23  2:14  Adept x2, Probe  
  28  2:25  Twilight Council  
  28  2:51  Robotics Facility  
  28  2:52  Adept  
  30  2:59  Pylon  
  30  3:07  Pylon  
  30  3:10  Resonating Glaives (Chrono Boost)  
  30  3:35  Nexus, Adept  
  30  3:38  Adept  
  34  3:51  Observer  
  35  4:01  Gateway  
  35  4:08  Robotics Bay  
  35  4:34  Stalker  
  37  4:39  Blink (Chrono Boost)  
  37  4:41  Stalker  
  39  4:59  Probe x2  
  41  5:11  Probe  
  41  5:12  Probe  
  43  5:17  Colossus  
  49  5:24  Probe  
  50  5:32  Probe  
  50  5:35  Assimilator  
  51  5:36  Probe  
  51  5:39  Assimilator  
  51  5:40  Extended Thermal Lance (Chrono Boost)  
  51  5:42  Pylon  
  52  5:44  Probe  
  52  5:47  Pylon  
  53  6:07  Forge  
  53  6:20  Probe x2  
  55  6:32  Probe x2  
  57  6:34  Colossus  
  63  6:43  Pylon  
  63  6:44  Probe x2  
  65  6:49  Adept x3  
  71  7:04  Protoss Ground Weapons Level 1 (Chrono Boost)  
  71  7:13  Probe x2  
  73  7:17  Photon Cannon  
  73  7:22  Photon Cannon  
  73  7:25  Probe x2, Stalker  
  73  7:29  Stalker  
  79  7:36  Observer  
  79  7:37  Probe x2  
  81  7:45  Pylon  
  81  7:46  Photon Cannon  
  81  7:50  Photon Cannon  
  81  7:52  Observer  
  82  8:04  Stalker x2  
  86  8:26  Pylon  
  86  8:27  Pylon  
  86  8:31  Photon Cannon  
  86  8:37  Nexus  
  86  8:43  Colossus  
  92  9:12  Adept  
  92  9:13  Adept x2  
  98  9:32  Robotics Facility  
  98  9:34  Pylon  
  98  9:37  Pylon  
  98  9:55  Probe x3  
  98  9:57  Protoss Shields Level 1 (Chrono Boost)  
  98  9:59  Colossus (Chrono Boost)  
  101  10:02  Pylon  
  107  10:07  Probe x2  
  109  10:16  Adept x3  
  115  10:23  Assimilator  
  115  10:25  Assimilator  
  115  10:39  Probe x3, Gateway  
  115  10:40  Gateway  
  115  10:42  Gateway  
  118  10:43  Gateway  
  118  10:51  Probe x2  
  118  10:54  Stalker x3  
  126  11:08  Gateway x2  
  126  11:14  Gateway  
  126  11:17  Stalker  
  126  11:18  Stalker x2  
  132  11:30  Forge  
  132  11:32  Forge  
  132  11:36  Stalker x2  
  136  11:43  Stalker  
  136  11:44  Stalker  
  140  12:17  Pylon  
  140  12:22  Pylon  
  140  12:25  Pylon  
  140  12:26  Photon Cannon  
  140  12:28  Photon Cannon  
  110  13:27  Adept  
  110  13:28  Adept x6  
  110  13:29  Adept x2  
  128  13:47  Probe x3  
  131  13:52  Colossus x2  
  131  13:55  Stalker x3  
  147  13:56  Stalker x6  
  147  13:57  Stalker  
  147  13:59  Probe x2  
  165  14:39  Pylon  
  165  14:41  Pylon  
  165  14:44  Pylon  
  165  14:45  Pylon  
  165  14:57  Colossus, Probe x2  
  165  14:58  Colossus  
  165  14:59  Probe  
  174  15:10  Probe x2  
  174  15:11  Probe  
  145  15:22  Probe x2  
  145  15:23  Probe  
  141  15:35  Probe  
  139  15:47  Stalker x7  
  139  15:49  Stalker  
  155  15:50  Stalker x2  
  159  16:20  Nexus, Stalker x3  
  159  16:21  Stalker x6  
  159  16:22  Stalker  
Show
View Real Time Build Order
Export as new Build Order

kPanda Protoss 

Build Orders: Carriers 

Get SALT Encoding   

  12  0:01  Probe  
  13  0:13  Probe  
  14  0:19  Pylon  
  15  0:35  Probe (Chrono Boost)  
  15  0:47  Probe (Chrono Boost)  
  15  0:48  Pylon  
  16  0:51  Probe (Chrono Boost)  
  16  0:57  Assimilator  
  17  1:02  Probe  
  18  1:08  Gateway  
  18  1:15  Gateway  
  18  1:26  Gateway  
  18  1:31  Forge  
  18  1:35  Probe (Chrono Boost)  
  19  1:44  Probe (Chrono Boost)  
  20  2:03  Zealot  
  22  2:15  Zealot  
  24  2:24  Cybernetics Core  
  24  2:30  Zealot  
  26  2:37  Pylon  
  26  2:49  Probe (Chrono Boost)  
  27  2:58  Probe (Chrono Boost)  
  27  2:59  Photon Cannon  
  27  3:14  Photon Cannon  
  25  3:39  Photon Cannon  
  25  3:43  Photon Cannon  
  25  3:47  Pylon  
  25  3:57  Probe (Chrono Boost)  
  26  4:05  Zealot x2  
  26  4:07  Probe (Chrono Boost)  
  31  4:23  Assimilator  
  31  4:27  Stargate  
  27  4:53  Probe (Chrono Boost)  
  28  5:03  Probe (Chrono Boost)  
  29  5:08  Probe (Chrono Boost)  
  29  5:10  Nexus  
  27  5:22  Void Ray (Chrono Boost)  
  31  5:47  Pylon  
  31  5:49  Pylon  
  31  5:52  Assimilator  
  31  5:58  Probe  
  32  6:08  Fleet Beacon  
  32  6:11  Probe  
  35  6:25  Probe (Chrono Boost)  
  35  6:27  Probe (Chrono Boost)  
  34  6:35  Probe (Chrono Boost)  
  34  6:37  Photon Cannon  
  34  6:38  Probe (Chrono Boost)  
  36  6:40  Probe (Chrono Boost)  
  36  6:47  Probe  
  37  6:59  Probe  
  37  7:01  Carrier (Chrono Boost)  
  41  7:18  Photon Cannon  
  41  7:24  Probe (Chrono Boost)  
  41  7:25  Shield Battery  
  43  7:33  Probe (Chrono Boost)  
  43  7:34  Probe (Chrono Boost)  
  44  7:39  Probe x2 (Chrono Boost)  
  44  7:43  Stargate  
  46  7:50  Probe  
  47  7:51  Probe  
  47  7:54  Pylon  
  48  8:02  Probe  
  48  8:03  Probe  
  55  8:12  Tempest (Chrono Boost)  
  55  8:14  Probe  
  55  8:16  Probe, Assimilator  
  57  8:26  Probe  
  58  8:28  Tempest (Chrono Boost), Probe  
  64  8:40  Probe  
  65  8:48  Tempest  
  70  8:52  Probe  
  71  9:16  Pylon  
  71  9:18  Pylon  
  71  9:20  Pylon  
  71  9:36  Probe  
  72  9:48  Probe  
  73  10:00  Carrier x2 (Chrono Boost)  
  75  11:00  Carrier (Chrono Boost)  
  75  11:01  Carrier (Chrono Boost)  
  72  11:46  Nexus  
  72  11:56  Nexus, Photon Cannon  
  72  11:57  Photon Cannon  
  72  11:58  Pylon  
  72  12:01  Photon Cannon, Pylon  
  72  12:04  Pylon  
  72  12:05  Stargate  
  72  12:08  Stargate, Photon Cannon  
  72  12:10  Photon Cannon  
  72  12:22  Photon Cannon  
  70  12:56  Phoenix (Chrono Boost)  
  70  12:57  Phoenix (Chrono Boost)  
  78  12:59  Pylon  
  78  13:00  Pylon  
  78  13:01  Pylon x2  
  78  13:03  Phoenix x2 (Chrono Boost)  
  66  13:14  Phoenix x2  
  70  13:23  Phoenix x2  
  68  13:28  Assimilator  
  68  13:32  Assimilator  
  62  13:39  Phoenix x2  
  66  13:48  Phoenix x2, Pylon  
  70  13:52  Pylon  
  70  13:58  Pylon  
  70  13:59  Pylon  
  50  15:00  Nexus, Probe (Chrono Boost)  
  50  15:01  Pylon  
  50  15:03  Pylon  
  50  15:06  Carrier (Chrono Boost)  
  51  15:10  Probe (Chrono Boost)  
  70  15:15  Probe (Chrono Boost)  
  67  15:22  Carrier (Chrono Boost)  
  67  15:25  Photon Cannon  
  67  15:26  Probe, Carrier (Chrono Boost)  
  67  15:27  Photon Cannon  
  68  15:38  Probe  
  69  16:24  Assimilator  
Show
View Real Time Build Order
Export as new Build Order

TheOne Protoss 

Build Orders:  

Get SALT Encoding   

  12  0:01  Probe  
  13  0:13  Probe  
  14  0:25  Probe  
  14  0:26  Pylon  
  15  0:44  Probe  
  16  0:50  Pylon  
  16  0:56  Probe (Chrono Boost)  
  17  1:06  Probe (Chrono Boost)  
  17  1:10  Gateway  
  17  1:11  Probe (Chrono Boost)  
  18  1:17  Gateway  
  19  1:22  Probe  
  20  1:26  Gateway  
  20  1:52  Assimilator  
  20  2:02  Cybernetics Core  
  20  2:04  Zealot x2  
  24  2:12  Assimilator  
  24  2:18  Probe  
  24  2:22  Zealot  
  26  2:36  Warp Gate (Chrono Boost), Pylon  
  26  2:40  Probe  
  27  2:52  Probe  
  28  3:04  Probe  
  29  3:05  Stalker  
  29  3:06  Stalker  
  33  3:18  Probe  
  33  3:19  Forge  
  34  3:20  Pylon  
  34  3:23  Stalker  
  36  3:55  Photon Cannon  
  36  3:59  Photon Cannon  
  36  4:19  Stalker x3  
  36  4:22  Probe  
  43  4:27  Twilight Council  
  43  4:30  Pylon  
  43  4:49  Stalker  
  43  4:50  Zealot x2  
  49  5:07  Gateway  
  39  5:50  Probe  
  39  5:51  Blink (Chrono Boost)  
  40  6:04  Protoss Ground Weapons Level 1 (Chrono Boost)  
  40  6:09  Probe  
  40  6:11  Nexus  
  41  6:12  Robotics Facility  
  41  6:13  Pylon  
  41  6:14  Stalker x2  
  41  6:15  Pylon  
  43  6:58  Probe  
  44  7:11  Observer, Photon Cannon  
  45  7:17  Photon Cannon  
  45  7:20  Probe, Shield Battery  
  46  7:23  Shield Battery  
  46  7:27  Stalker x3  
  52  7:42  Probe (Chrono Boost)  
  53  7:54  Probe (Chrono Boost)  
  53  7:55  Photon Cannon  
  55  8:00  Probe (Chrono Boost)  
  55  8:01  Stalker  
  55  8:02  Probe (Chrono Boost)  
  58  8:06  Protoss Ground Weapons Level 2 (Chrono Boost), Probe (Chrono Boost)  
  58  8:08  Probe  
  60  8:23  Stalker x2  
  62  9:02  Zealot x2  
  58  9:03  Zealot  
  47  9:16  Probe  
  36  9:22  Assimilator  
  36  9:25  Assimilator  
  36  9:28  Probe  
  37  9:40  Probe  
  37  9:41  Nexus  
  37  9:43  Pylon  
  37  9:44  Stalker, Pylon  
  40  9:55  Gateway, Pylon  
  40  9:58  Gateway  
  40  10:03  Pylon  
  40  10:11  Gateway x2  
  40  10:21  Photon Cannon  
  40  10:22  Photon Cannon  
  40  10:23  Shield Battery  
  40  10:27  Photon Cannon  
  40  10:33  Assimilator  
  40  10:40  Assimilator  
  40  10:44  Probe  
  40  10:46  Probe  
  42  10:51  Stalker x2  
  42  10:56  Probe (Chrono Boost)  
  47  11:00  Stalker  
  47  11:01  Probe (Chrono Boost)  
  50  11:04  Observer  
  50  11:05  Probe (Chrono Boost)  
  50  11:09  Probe (Chrono Boost)  
  53  11:15  Probe x2 (Chrono Boost)  
  53  11:16  Probe (Chrono Boost), Stalker x3  
  61  11:20  Probe (Chrono Boost)  
  61  11:22  Probe  
  61  11:23  Observer, Probe  
  65  11:34  Probe  
  66  11:45  Observer  
  67  11:51  Photon Cannon  
  67  11:55  Photon Cannon x2  
  67  11:56  Stalker  
  67  11:57  Stalker x3  
  67  11:59  Photon Cannon  
  75  12:02  Pylon  
  75  12:03  Protoss Ground Weapons Level 3 (Chrono Boost), Stalker  
  62  12:35  Probe (Chrono Boost)  
  63  12:38  Probe (Chrono Boost)  
  63  12:44  Stalker x2  
  69  12:46  Probe (Chrono Boost)  
  69  12:47  Probe (Chrono Boost)  
  69  12:51  Probe (Chrono Boost)  
  70  12:52  Probe (Chrono Boost)  
  70  12:56  Stalker x2  
  70  12:57  Stalker  
  78  13:02  Probe  
  78  13:04  Probe  
  74  13:14  Probe  
  74  13:16  Stalker x2  
  75  13:44  Stalker x2  
  75  13:45  Stalker x3  
  84  13:53  Probe (Chrono Boost)  
  84  13:59  Probe (Chrono Boost)  
  85  14:05  Probe (Chrono Boost)  
  85  14:08  Probe (Chrono Boost)  
  87  14:10  Probe (Chrono Boost)  
  87  14:13  Probe (Chrono Boost), Photon Cannon  
  89  14:20  Probe  
  90  14:24  Probe  
  91  14:32  Observer, Probe  
  69  15:26  Stalker  
  69  15:27  Stalker x4  
  79  15:29  Probe  
  80  15:41  Probe  
  77  16:00  Observer  
  73  16:09  Stalker x3  
  73  16:10  Stalker x2  
  81  16:13  Probe  
Tags
 
Add a new tag
Caveats
  • Supply blocks, unpowered buildings, or Contaminate may cause inaccurate times.
  • Supply counts are checked every 10 seconds.